 Dungeon Crawl Stone Soup version 0.30-a0-305-g026cb31310 (webtiles) character file.

Game seed: 5831858102605533189

5379 LnG the Unseen (level 10, -3/58 HPs)
             Began as a Kobold Summoner on Oct 23, 2022.
             Slain by Pikel
             ... wielding a +2 whip of electrocution
              (16 damage)
             ... on level 9 of the Dungeon.
             The game lasted 00:32:05 (10242 turns).

LnG the Unseen (Kobold Summoner)                   Turns: 10242, Time: 00:32:06

Health: -3/58      AC: 11    Str:  5    XL:     10   Next: 98%
Magic:  11/16      EV: 17    Int: 27    God:
Gold:   575        SH:  0    Dex: 16    Spells: 4/17 levels left

rFire   . . .      SeeInvis .    m - +3 short sword (vamp)
rCold   . . .      Faith    .    (no shield)
rNeg    . . .      Spirit   .    a - +0 robe
rPois   .          Reflect  .    F - +0 helmet
rElec   .          Harm     .    H - scarf {shadows}
rCorr   .          Rampage  .    y - +1 pair of gloves
Will    .....                    q - +1 pair of boots
Stlth   +++++++...               (no amulet)
HPRegen 0.29/turn                e - +4 ring of protection
MPRegen 0.15/turn                A - +6 ring of intelligence

@: no status effects
A: small, no large weapons, nightstalker 3
a: no special abilities


You were on level 9 of the Dungeon.
You visited 2 branches of the dungeon, and saw 10 of its levels.
You also visited: Ossuary.

You collected 575 gold pieces.

Inventory:

Hand Weapons
 f - the +10 quarterstaff "Suunn" {holy, Will- rCorr Str+4}
   (You found it on level 2 of the Dungeon)

   It has been blessed by the Shining One to cause great damage to the undead
   and demons.
   Str:       It affects your strength (+4).
   rCorr:     It protects you from acid and corrosion.
   Will:      It decreases your willpower.
 h - a +0 dagger
 m - a +3 vampiric short sword (weapon)
Missiles
 l - 2 throwing nets
Armour
 a - a +0 robe (worn)
 q - a +1 pair of boots (worn)
 y - a +1 pair of gloves (worn)
 F - a +0 helmet (worn)
 H - a scarf of shadows (worn)
Jewellery
 e - a +4 ring of protection (left hand)
 x - a ring of see invisible
 A - a +6 ring of intelligence (right hand)
 J - a +6 ring of strength
 K - a ring of wizardry
 P - a +4 ring of evasion
Wands
 L - a wand of polymorph (15)
 N - a wand of digging (5)
 O - a wand of charming (7)
Scrolls
 c - 2 scrolls of summoning
 d - 4 scrolls of fog
 i - 4 scrolls of teleportation
 j - a scroll of silence
 n - 2 scrolls of fear
 o - a scroll of brand weapon
 p - 7 scrolls of magic mapping
 r - 2 scrolls of poison {unknown}
 z - 3 scrolls of immolation {unknown}
 B - a scroll of enchant armour
 C - 3 scrolls of vulnerability {unknown}
 E - a scroll of blinking {unknown}
 G - a scroll of amnesia {unknown}
 I - 3 scrolls of identify
Potions
 b - 5 potions of magic
 g - a potion of berserk rage {unknown}
 k - 2 potions of brilliance {unknown}
 s - 3 potions of ambrosia {unknown}
 t - a potion of lignification {unknown}
 u - 8 potions of curing
 v - a potion of haste
 w - 6 potions of heal wounds {unknown}
 D - 2 potions of degeneration {unknown}
 M - 2 potions of might {unknown}
 Q - 2 potions of resistance {unknown}


   Skills:
 + Level 4.5 Fighting
 + Level 7.6 Short Blades
 + Level 3.2 Staves
 + Level 6.1 Dodging
 * Level 15.6 Stealth
 + Level 4.1 Spellcasting
 + Level 5.4 Summonings


You had 4 spell levels left.
You knew the following spells:

 Your Spells              Type           Power      Damage    Failure   Level
a - Summon Small Mammal   Summ           100%       N/A       1%          1
b - Call Imp              Summ           35%        N/A       1%          2
c - Call Canine Familiar  Summ           35%        N/A       2%          3
d - Summon Guardian Gole  Hex/Summ       20%        N/A       8%          3
e - Summon Lightning Spi  Summ/Air       20%        N/A       26%         4

Your spell library contained the following spells:

 Spells                   Type           Power      Damage    Failure   Level
 Slow                     Hex            20%        N/A       8%          1
 Ensorcelled Hibernation  Hex/Ice        10%        N/A       12%         2
 Passwall                 Tmut/Erth      4%         N/A       12%         2
 Static Discharge         Conj/Air       10%        2-3/arc   12%         2
 Confusing Touch          Hex            5%         N/A       24%         3
 Swiftness                Air            5%         N/A       24%         3
 Vampiric Draining        Necr           5%         2d6       24%         3
 Vhi's Electric Charge    Tloc/Air       10%        N/A       24%         3
 Animate Dead             Necr           5%         N/A       61%         4
 Arcjolt                  Conj/Air       2%         1d12      91%         5
 Lightning Bolt           Conj/Air       2%         1d14      91%         5
 Haunt                    Necr/Summ      10%        N/A       100%        7
 Infestation              Necr           2%         N/A       100%        8


Dungeon Overview and Level Annotations

Branches:
Dungeon (9/15)             Temple (1/1) D:7            Lair (0/5) D:9
Ossuary (visited)
    Orc: D:9-12

Altars:
Ashenzari
Cheibriados
Elyvilon
Fedhas
Gozag
Hepliaklqana
Kikubaaqudgha
Makhleb
Nemelex Xobeh
Okawaru
Qazlal
Ru
Sif Muna
Trog
Uskayaw
Vehumet
Wu Jian
Xom
Yredelemnul
Zin
The Shining One

Shops:
D:4 (

Annotations:
D:9 2 transporters, Pikel


Innate Abilities, Weirdness & Mutations

You are small and have problems with some larger weapons.
You are completely attuned to the shadows.


Message History

Pikel is severely wounded.
Your quokka misses the lemure.
Your hound bites Pikel but does no damage.
Your quokka barely misses the lemure.
You hit Pikel.
Pikel is severely wounded.
Your crimson imp blinks!
The lemure hits you.
* * * LOW HITPOINT WARNING * * *
The lemure barely misses you.
Pikel hits you with a +2 whip of electrocution.
* * * LOW HITPOINT WARNING * * *
Your hound bites Pikel.
Your quokka misses the lemure.
Your quokka bites the lemure but does no damage.
You barely miss Pikel.
Pikel is almost dead.
Your hound closely misses Pikel.
The lemure closely misses you. The lemure misses you. Pikel closely misses you.
Your quokka misses the lemure.
Unknown command.
You hit Pikel but do no damage.
Pikel is almost dead.
Your quokka bites the lemure.
Your hound barely misses Pikel.
Unknown command.
You hit Pikel.
You feel better.
Pikel is almost dead.
Your quokka barely misses the lemure.
The lemure closely misses you.
Pikel hits you with a +2 whip of electrocution!
* * * LOW HITPOINT WARNING * * *
The lemure closely misses you.
Your quokka misses the lemure.
Your hound barely misses Pikel.
You barely miss Pikel.
Pikel is almost dead.
Your quokka closely misses the lemure.
Unknown command.
You feel better.
Your hound closely misses Pikel.
Your quokka barely misses the lemure.
The lemure closely misses you.
Pikel hits you with a +2 whip of electrocution.
* * * LOW HITPOINT WARNING * * *
You are electrocuted!
You die...

##############
#............#
###..########...
#......# #...
#5.....# #...
###h.....# #...
.5K@r....# #...
..55r....# #...
.######..# #...
#..########...
#.............
#.............
#.............
#.............
#.............


You could see Pikel (ally target), 3 lemures, a friendly hound (summoned), a
friendly crimson imp (summoned) and 2 friendly quokkas.

Vanquished Creatures
  A kobold demonologist (D:5)
  A rime drake (D:9)
  A troll (D:9)
  A polar bear (D:9)
  A shadow (D:9)
  2 yaks (D:9)
  A steam dragon (D:7)
  2 water moccasins
  6 ice beasts
  A sky beast (D:8)
  2 ogres
  A wolf (D:9)
  A lemure (D:8)
  A phantom (D:5)
  4 kobold brigands
  3 scorpions
  3 bullfrogs
  A wyvern zombie (Ossuary)
  5 wights
  6 howler monkeys
  4 bullfrog zombies (Ossuary)
  3 centaur zombies (Ossuary)
  2 hounds
  A jelly (D:5)
  2 gnoll boudas
  4 iguanas
  Natasha (D:2)
  Terence (D:2)
  4 orc wizards
  3 killer bee zombies (Ossuary)
  15 mummies
  4 howler monkey zombies (Ossuary)
  7 gnolls
  9 adders
  A shadow imp (D:5)
  A white imp (D:6)
  3 ufetubi
  4 worms
  A dart slug (D:5)
  24 orcs
  8 ball pythons
  11 endoplasms
  A giant cockroach (D:1)
  9 goblins
  8 hobgoblins
  3 jackals (D:1)
  30 kobolds
  5 quokkas
  4 bats
  2 frilled lizards (D:1)
  2 hobgoblin zombies (D:4)
  5 rats
226 creatures vanquished.

Vanquished Creatures (collateral kills)
  An ogre (D:5)
  A mummy (Ossuary)
  Jessica (D:2)
  Natasha (D:2)
  2 orcs
  4 jackals (D:1)
  A quokka (D:1)
  A bat (D:1)
  2 kobolds
14 creatures vanquished.

Vanquished Creatures (others)
  4 withered plants (Ossuary)
4 creatures vanquished.

Grand Total: 244 creatures vanquished

Notes
Turn   | Place    | Note
-------+----------+-------------------------------------------
     0 | D:1      | LnG the Kobold Summoner began the quest for the Orb.
     0 | D:1      | Reached XP level 1. HP: 10/10 MP: 3/3
   168 | D:1      | Reached XP level 2. HP: 15/15 MP: 5/5
   171 | D:1      | Learned a level 2 spell: Call Imp
   312 | D:1      | Reached skill level 3 in Stealth
   367 | D:1      | Reached XP level 3. HP: 19/19 MP: 6/6
   371 | D:1      | Learned a level 3 spell: Call Canine Familiar
   950 | D:2      | Identified the +10 quarterstaff "Suunn" {holy, Will- rCorr
                  | Str+4}
   961 | D:2      | You fall into a shaft and drop 1 floor!
  1003 | D:2      | Noticed Terence
  1012 | D:2      | Killed Terence
  1013 | D:2      | Reached skill level 1 in Short Blades
  1013 | D:2      | Reached XP level 4. HP: 11/24 MP: 3/7
  1327 | D:2      | Noticed Natasha
  1332 | D:2      | Killed Natasha
  1333 | D:2      | Reached skill level 4 in Stealth
  1333 | D:2      | Reached XP level 5. HP: 28/28 MP: 7/9
  1453 | D:2      | Noticed Jessica
  1466 | D:2      | Killed Jessica
  1467 | D:2      | Reached skill level 1 in Fighting
  1723 | D:2      | Noticed Natasha
  1732 | D:2      | Killed Natasha
  1733 | D:2      | Reached skill level 5 in Stealth
  2062 | D:3      | Reached XP level 6. HP: 34/34 MP: 10/10
  2070 | D:3      | Learned a level 3 spell: Summon Guardian Golem
  2269 | D:3      | Found an ancient bone altar of Kikubaaqudgha.
  2273 | D:3      | Found a faded altar of an unknown god.
  2275 | D:3      | Found a faded altar of an unknown god.
  2276 | D:3      | Found an iron altar of Okawaru.
  2281 | D:3      | Found a stormy altar of Qazlal.
  2732 | D:4      | Found Ihalux's Weapon Shop.
  2856 | D:4      | Found a sand-covered staircase.
  2861 | Ossuary  | Entered an ossuary
  2885 | Ossuary  | Reached skill level 6 in Stealth
  2893 | Ossuary  | Reached XP level 7. HP: 31/38 MP: 6/11
  2957 | Ossuary  | Reached skill level 1 in Staves
  2964 | Ossuary  | Reached skill level 7 in Stealth
  3040 | Ossuary  | Reached XP level 8. HP: 18/44 MP: 8/12
  3294 | Ossuary  | Reached skill level 8 in Stealth
  4083 | D:4      | Reached skill level 9 in Stealth
  4188 | D:5      | Entered Level 5 of the Dungeon
  4367 | D:5      | Reached XP level 9. HP: 33/49 MP: 12/14
  4378 | D:5      | Learned a level 4 spell: Summon Lightning Spire
  4514 | D:5      | Noticed a kobold demonologist
  4521 | D:5      | Noticed a hellwing
  4524 | D:5      | Killed a kobold demonologist
  4525 | D:5      | Reached skill level 5 in Short Blades
  4525 | D:5      | Reached skill level 10 in Stealth
  4839 | D:5      | Found a faded altar of an unknown god.
  4843 | D:5      | Found a hazy altar of Hepliaklqana.
  4849 | D:5      | Found a faded altar of an unknown god.
  5047 | D:5      | Reached skill level 11 in Stealth
  5379 | D:6      | Reached skill level 5 in Dodging
  5854 | D:6      | Reached skill level 12 in Stealth
  6157 | D:6      | Found a hide-covered altar of Uskayaw.
  6597 | D:7      | Reached skill level 5 in Summonings
  6662 | D:7      | Reached XP level 10. HP: 56/56 MP: 15/15
  6684 | D:7      | Reached skill level 13 in Stealth
  6771 | D:7      | Found a staircase to the Ecumenical Temple.
  6781 | Temple   | Entered the Ecumenical Temple
  8183 | D:8      | Reached skill level 14 in Stealth
  9480 | D:9      | Found a staircase to the Lair.
  9480 | D:9      | Noticed a rime drake
  9483 | D:9      | Killed a rime drake
  9484 | D:9      | Reached skill level 15 in Stealth
  9561 | D:9      | Noticed Pikel
  9572 | D:9      | Found a transporter.
 10191 | D:9      | Found a transporter.
 10242 | D:9      | Slain by Pikel

Illustrated notes

Levels and vault maps discovered:
D:1:      erik_arrival_blinker_ship, layout_basic
D:2:      layout_loops_ring, minmay_strange_pillars, uniq_jessica, uniq_terence,
          uniq_natasha
D:3:      kennysheep_big_flooded_room, layout_basic,
          chequers_temple_overflow_minitemple
D:4:      cheibrodos_barr_body, layout_rooms, serial_shops, shop,
          nicolae_ossuary_entry_giza, grunt_decor_mini_mirrors,
          kennysheep_small_spiral, minmay_puff
D:5:      layout_gridville, nicolae_hepliaklqana_ecumenical_no_more, hex_tiny,
          minmay_misc_feat_more_columns, hangedman_decor_diamond_cutter,
          kennysheep_generic_room_15
D:6:      layout_basic, mainiacjoe_overflow_six_doors_small, uniq_sigmund
D:7:      corexii_shack_village, layout_loops_ring,
          minmay_temple_entry_statues_pillars
D:8:      layout_cave_pools
D:9:      layout_irregular_city, hellmonk_lair_entry_icy,
          gammafunk_ghost_stat_death, uniq_pikel
Temple:   eino_temple_rhombus

Skill      XL: |  1  2  3  4  5  6  7  8  9 10 |
---------------+-------------------------------+-----
Stealth        | 3 4 5 6 7 9 12 15 | 15.6
Short Blades   | 1 2 3 4 6 7 |  7.6
Dodging        | 3 4 5 6 |  6.1
Fighting       | 1 2 3 4 |  4.5
Spellcasting   | 3 4 |  4.1
Staves         | 1 3 |  3.2
Summonings     | 5 |  5.4

Action                   |  1- 3 |  4- 6 |  7- 9 | 10-12 || total
-------------------------+-------+-------+-------+-------++-------
Melee: Dagger            |    95 |    96 |     1 |       ||   192
       Punch             |     2 |     3 |     3 |     5 ||    13
       Quarterstaff      |     2 |    14 |    71 |       ||    87
       Short sword       |       |       |   263 |   232 ||   495
 Cast: Summon Small Mamm |     4 |       |     1 |     2 ||     7
       Call Imp          |     1 |       |       |     3 ||     4
       Call Canine Famil |     1 |     5 |     3 |     8 ||    17
  Use: Scroll            |     2 |     3 |     6 |       ||    11
       Potion            |       |       |       |     1 ||     1
 Stab: Sleeping          |    17 |    18 |    39 |    36 ||   110
       Distracted        |       |     1 |     4 |     2 ||     7
Armor: Robe              |    31 |    39 |    86 |    54 ||   210
Dodge: Dodged            |    81 |    90 |   197 |   120 ||   488

Table legend: (Time is in decaauts)
 A = Elapsed time spent in this place.
 B = Non-inter-level travel time spent in this place.
 C = Inter-level travel time spent in this place.
 D = Time resting spent in this place.
 E = Time spent auto-exploring this place.
 F = Levels seen in this place.
 G = Mean time per level.
                   A        B        C        D        E       F      G
               +--------+--------+--------+--------+--------+-----+--------+
         Total |  10128 |   9808 |    320 |    513 |   6898 |  11 |  920.7 |
       Dungeon |   9202 |   8976 |    226 |    332 |   6566 |   9 | 1022.4 |
        Temple |    351 |    257 |     94 |      0 |    240 |   1 |  351.0 |
       Ossuary |    574 |    574 |      0 |    181 |     91 |   1 |  574.0 |
               +--------+--------+--------+--------+--------+-----+--------+

Top non-repeatable levels by time:
     D:8: 1167 daAuts
     D:7: 1155 daAuts
     D:5: 1147 daAuts
     D:6: 1091 daAuts
     D:9: 1014 daAuts
     D:2: 1005 daAuts
     D:4: 968 daAuts
     D:1: 871 daAuts
     D:3: 779 daAuts
 Ossuary: 574 daAuts
  Temple: 351 daAuts
